[Event "Titled Tuesday Blitz November 07 Late 2023"]
[White "Rustemov, Alexander"]
[Black "ExchangeAB"]
[WhiteFideId "4119002"]
[WhiteElo "2819"]
[BlackElo "2440"]
[Result "1-0"]
[Round "1"]
[TimeControl "180+1"]
[Date "2023.11.07"]
[WhiteClock "0:00:36"]
[BlackClock "0:00:11"]
[Board "47"]

1. d4 d5 2. c4 c6 3. Nc3 Nf6 4. e3 Bf5 5. cxd5 cxd5 6. Qb3 Bc8 7. Nf3 e6 8. Ne5 Be7 9. Bd3 O-O 10. Bd2 Nc6 11. f4 Nb4 12. Bb1 Nd7 13. O-O f5 14. a3 Nc6 15. Bd3 Ndxe5 16. fxe5 Bg5 17. Ne2 Rb8 18. Rac1 Bd7 19. Nf4 Qb6 20. Qxb6 axb6 21. g3 Rfc8 22. Kf2 Kf7 23. Ke2 Na5 24. Rxc8 Rxc8 25. Rc1 Rxc1 26. Bxc1 Nb3 27. Bd2 Nxd2 28. Kxd2 Be7 29. h4 g6 30. Ke2 h6 31. Kf3 g5 32. hxg5 hxg5 33. Ne2 g4+ 34. Kf2 b5 35. b4 Bg5 36. Nc3 Ke7 37. Bxb5 Bxb5 38. Nxb5 Kd7 39. Nc3 Be7 40. Ke2 Bf8 41. Kd3 Kc6 42. Ne2 Be7 43. Nf4 Kd7 44. Kc3 Bf8 45. a4 Bh6 46. Kb3 Bg5 47. a5 Bd8 48. Ka4 Bc7 49. b5 Bb8 50. b6 Ke7 51. Kb5 Kd7 52. a6 bxa6+ 53. Kxa6 1-0


[Site "https://www.chess.com"]

[Event "Titled Tuesday Blitz November 07 Late 2023"]
[White "Su, Dion"]
[Black "Leitao, Rafael"]
[WhiteFideId "2029731"]
[BlackFideId "2101246"]
[WhiteElo "2440"]
[BlackElo "2815"]
[Result "0-1"]
[Round "1"]
[TimeControl "180+1"]
[Date "2023.11.07"]
[WhiteClock "0:01:09"]
[BlackClock "0:01:31"]
[Board "48"]

1. e4 e5 2. Nf3 Nc6 3. Bb5 a6 4. Ba4 d6 5. d3 Bd7 6. O-O Nge7 7. c3 Ng6 8. h3 Be7 9. Re1 O-O 10. Nbd2 Kh8 11. Nf1 f5 12. exf5 Bxf5 13. Ng3 Bd7 14. Bc2 d5 15. a4 Bf6 16. Nh5 Nh4 17. Nxf6 Qxf6 18. Bb3 Bxh3 19. Bxd5 Bxg2 20. Re3 Bxf3 0-1


[Site "https://www.chess.com"]

[Event "Titled Tuesday Blitz November 07 Late 2023"]
[White "Weisz, Bryan"]
[Black "Szpar, Milosz"]
[WhiteFideId "30934133"]
[BlackFideId "1184989"]
[WhiteElo "2433"]
[BlackElo "2813"]
[Result "0-1"]
[Round "1"]
[TimeControl "180+1"]
[Date "2023.11.07"]
[WhiteClock "0:00:00"]
[BlackClock "0:00:37"]
[Board "50"]

1. e4 e6 2. d4 d5 3. Bf4 dxe4 4. Nc3 Nf6 5. f3 Bb4 6. Qd2 Nc6 7. O-O-O Qe7 8. Bg5 Bd7 9. Bxf6 Qxf6 10. fxe4 e5 11. d5 Nd4 12. Nge2 Bg4 13. h3 Bxe2 14. Bxe2 O-O-O 15. Bg4+ Kb8 16. Rhf1 Qe7 17. Qd3 h5 18. Bf3 Bxc3 19. Qxc3 Rh6 20. Qd3 Ra6 21. a3 Rb6 22. c3 Nb3+ 23. Kc2 Nc5 24. Qc4 Nb3 25. Bxh5 g6 26. Be2 a5 27. Qxb3 Rxb3 28. Kxb3 Rd6 29. Ka2 a4 30. Rd2 Rb6 31. Bd1 Qc5 32. Bxa4 Qc4+ 0-1


[Site "https://www.chess.com"]

[Event "Titled Tuesday Blitz November 07 Late 2023"]
[White "ChessBrainiacOnTwitch"]
[Black "Makaraci, Tunahan"]
[BlackFideId "6356559"]
[WhiteElo "2811"]
[BlackElo "2433"]
[Result "1-0"]
[Round "1"]
[TimeControl "180+1"]
[Date "2023.11.07"]
[WhiteClock "0:00:51"]
[BlackClock "0:00:00"]
[Board "51"]

1. e4 Nf6 2. e5 Nd5 3. d4 d6 4. c4 Nb6 5. f4 Bf5 6. Be3 dxe5 7. fxe5 e6 8. Nc3 Bb4 9. Nf3 c5 10. a3 Bxc3+ 11. bxc3 Nc6 12. Be2 O-O 13. O-O Bg4 14. Ng5 Bxe2 15. Qxe2 h6 16. Ne4 cxd4 17. Bxh6 Nxe5 18. Qh5 Ng6 19. Ng5 gxh6 20. Qxh6 Qxg5 21. Qxg5 dxc3 22. h4 Nxc4 23. h5 Ne5 24. hxg6 Nxg6 25. Rac1 Rac8 26. Qf6 c2 27. Rf3 Rc4 28. Rc3 Rf4 29. Qg5 Rf5 30. Qh6 Rd8 31. R3xc2 Nf4 32. Rf1 Ng6 33. Rxf5 exf5 34. Rc7 Rd1+ 35. Kh2 Rd8 36. Qg5 Re8 37. Qf6 Ne5 38. Qxf5 Re6 39. Rxb7 Rh6+ 40. Kg1 1-0


[Site "https://www.chess.com"]

[Event "Titled Tuesday Blitz November 07 Late 2023"]
[White "hristos03"]
[Black "Holt, Conrad"]
[BlackFideId "2034387"]
[WhiteElo "2433"]
[BlackElo "2808"]
[Result "0-1"]
[Round "1"]
[TimeControl "180+1"]
[Date "2023.11.07"]
[WhiteClock "0:00:00"]
[BlackClock "0:01:36"]
[Board "52"]

1. e4 e6 2. d4 d5 3. e5 c5 4. c3 Bd7 5. Nf3 Nc6 6. Be2 f6 7. O-O Qc7 8. Bf4 Nge7 9. Bg3 Qb6 10. exf6 gxf6 11. Na3 Nf5 12. dxc5 Bxc5 13. Nd4 Bxd4 14. Bh5+ Ke7 15. cxd4 Qxd4 16. Qb3 Qb4 17. Qd3 Ne5 18. Bxe5 fxe5 19. Rac1 Bc6 20. Rfe1 Qxb2 21. Bg4 Raf8 22. Rb1 Qd4 23. Qh3 h5 24. Bxf5 Rxf5 25. Qg3 Qg4 26. Qe3 d4 27. Qg3 Rg8 28. Qxg4 Rxg4 29. g3 d3 30. Rbd1 Rd4 31. Rd2 Bf3 32. Re3 e4 0-1


[Site "https://www.chess.com"]

[Event "Titled Tuesday Blitz November 07 Late 2023"]
[White "Blohberger, Felix"]
[Black "Pace, Christopher"]
[WhiteFideId "1632051"]
[BlackFideId "2610167"]
[WhiteElo "2806"]
[BlackElo "2432"]
[Result "1-0"]
[Round "1"]
[TimeControl "180+1"]
[Date "2023.11.07"]
[WhiteClock "0:00:10"]
[BlackClock "0:00:10"]
[Board "53"]

1. Nf3 Nf6 2. g3 g6 3. Bg2 Bg7 4. O-O O-O 5. c4 d6 6. Nc3 e5 7. d3 h6 8. Rb1 a5 9. a3 Re8 10. b4 axb4 11. axb4 Nc6 12. b5 Nd4 13. Nxd4 exd4 14. Nd5 Nxd5 15. Bxd5 Ra2 16. Rb2 Rxb2 17. Bxb2 Bg4 18. Bf3 Bxf3 19. exf3 Qd7 20. Re1 Rxe1+ 21. Qxe1 Qe6 22. Qe4 Qxe4 23. fxe4 g5 24. g4 Be5 25. Kg2 c6 26. bxc6 bxc6 27. Bc1 Kf8 28. h4 f6 29. f4 gxf4 30. Kf3 Kg7 31. Bxf4 c5 32. Bd2 Kg6 33. h5+ Kh7 34. Ke2 Kg7 35. Kd1 Bg3 36. Kc2 Bh4 37. Bf4 Be1 38. Bxd6 Bb4 39. Kb3 Kh7 40. Ka4 1-0


[Site "https://www.chess.com"]

[Event "Titled Tuesday Blitz November 07 Late 2023"]
[White "WindWhistler11"]
[Black "Ghasi, Ameet K"]
[BlackFideId "409200"]
[WhiteElo "2432"]
[BlackElo "2802"]
[Result "0-1"]
[Round "1"]
[TimeControl "180+1"]
[Date "2023.11.07"]
[WhiteClock "0:00:03"]
[BlackClock "0:01:25"]
[Board "54"]

1. Nf3 g6 2. g3 Bg7 3. Bg2 Nf6 4. d3 O-O 5. O-O d6 6. Nbd2 c6 7. e4 Qa5 8. Nd4 c5 9. N4b3 Qc7 10. c3 Nc6 11. Qe2 b5 12. a4 b4 13. d4 bxc3 14. bxc3 a5 15. Rd1 Ba6 16. c4 cxd4 17. Bb2 e5 18. Ba3 Rfb8 19. Rdc1 Nd7 20. Qe1 Nb4 21. Bxb4 Rxb4 22. Ra3 Nc5 23. Nxc5 dxc5 24. Bf1 Rab8 25. Qd1 Bc8 26. Nf3 Be6 27. Ne1 Qc6 28. Bd3 f5 29. Qe2 Rxa4 30. Rxa4 Qxa4 31. exf5 gxf5 32. Nf3 e4 33. Ng5 Qd7 34. Qh5 exd3 35. Qxh7+ Kf8 36. Qg6 Bg8 37. h4 Rc8 38. Rb1 d2 39. h5 d1=Q+ 40. Rxd1 Rc6 41. Nh7+ Bxh7 42. Qxh7 Rh6 0-1


[Site "https://www.chess.com"]

[Event "Titled Tuesday Blitz November 07 Late 2023"]
[White "Kozak, Antoni"]
[Black "Polaczek, Richard"]
[WhiteFideId "21832030"]
[BlackFideId "200026"]
[WhiteElo "2800"]
[BlackElo "2430"]
[Result "1-0"]
[Round "1"]
[TimeControl "180+1"]
[Date "2023.11.07"]
[WhiteClock "0:00:17"]
[BlackClock "0:00:01"]
[Board "55"]

1. e4 Nf6 2. e5 Nd5 3. d4 d6 4. Nf3 g6 5. Bc4 Nb6 6. Bb3 Bg7 7. O-O O-O 8. Re1 Bg4 9. h3 Bxf3 10. Qxf3 Nc6 11. exd6 Nxd4 12. Qxb7 exd6 13. Nc3 a5 14. Na4 Rb8 15. Qa6 Nxa4 16. Bxa4 Ra8 17. Qd3 Qf6 18. c3 Ne6 19. Be3 Nf4 20. Qc4 g5 21. Qxc7 Nd5 22. Qc4 Nxe3 23. Rxe3 Rab8 24. Bb3 h6 25. Rae1 Rfc8 26. Qa4 Qf4 27. Qxa5 Be5 28. g3 Qf5 29. Qd5 Rc7 30. Rf3 Qxh3 31. Rxf7 Rxf7 32. Qxf7+ Kh8 33. Be6 g4 34. Rxe5 dxe5 35. Qf6+ Kh7 36. Qe7+ Kh8 37. Bf5 1-0


[Site "https://www.chess.com"]

[Event "Titled Tuesday Blitz November 07 Late 2023"]
[White "SereneSalmon"]
[Black "Bordi, Kevin"]
[BlackFideId "621862"]
[WhiteElo "2429"]
[BlackElo "2788"]
[Result "0-1"]
[Round "1"]
[TimeControl "180+1"]
[Date "2023.11.07"]
[WhiteClock "0:01:03"]
[BlackClock "0:01:11"]
[Board "56"]

1. d4 d5 2. c4 c6 3. Nf3 Nf6 4. Nc3 Bf5 5. cxd5 Nxd5 6. Qb3 Qb6 7. Nxd5 Qxb3 8. Nc7+ Kd8 9. axb3 Kxc7 10. Bf4+ Kc8 11. e3 e6 12. Rc1 Bb4+ 13. Nd2 Nd7 14. f3 Re8 15. e4 e5 16. dxe5 Nxe5 17. Be2 Ng6 18. Be3 Be6 19. Bc4 Ne5 20. Bxe6+ Rxe6 21. O-O Kc7 22. Rfd1 Rd8 23. Nc4 Nxc4 24. bxc4 Rxd1+ 25. Rxd1 a5 26. Bf4+ Kc8 27. g4 Re7 28. Be3 Rd7 29. Rxd7 Kxd7 30. Kf2 b5 31. cxb5 cxb5 32. Bd4 g6 33. f4 Kc6 34. Ke3 a4 35. Kd3 Bc5 36. Bf6 Bd6 37. e5 Bc5 38. Ke4 b4 39. f5 a3 40. bxa3 bxa3 41. e6 fxe6 42. fxe6 Kd6 43. e7 Kd7 44. Kd3 Bxe7 45. Bd4 Ke6 46. Ke4 Bf6 0-1


[Site "https://www.chess.com"]

[Event "Titled Tuesday Blitz November 07 Late 2023"]
[White "Troff, Kayden"]
[Black "ATM622"]
[WhiteFideId "2047896"]
[WhiteElo "2784"]
[BlackElo "2428"]
[Result "1-0"]
[Round "1"]
[TimeControl "180+1"]
[Date "2023.11.07"]
[WhiteClock "0:00:17"]
[BlackClock "0:00:00"]
[Board "57"]

1. d4 Nf6 2. c4 e6 3. Nf3 d5 4. g3 dxc4 5. Bg2 Bd7 6. Ne5 Bc6 7. Nxc6 Nxc6 8. O-O Qd7 9. Qa4 Nxd4 10. Qxc4 c5 11. Nc3 Be7 12. Bg5 O-O 13. e3 Nc6 14. Rfd1 Qc8 15. Bxf6 Bxf6 16. Qxc5 Ne5 17. Qxc8 Raxc8 18. Ne4 Be7 19. f4 Nc4 20. Rd7 Bc5 21. Nxc5 Rxc5 22. Rc1 Nb6 23. Rxc5 Nxd7 24. Rc7 Nb6 25. Rxb7 Nc4 26. Kf2 a5 27. b3 Nb2 28. Ke2 Rc8 29. Be4 g6 30. Kd2 a4 31. Bc2 axb3 32. axb3 Kg7 33. Rd7 h5 34. Kc1 Rc3 35. Kxb2 Rxe3 36. Rd2 Kf6 37. b4 Rf3 38. b5 Ke7 39. b6 1-0


[Site "https://www.chess.com"]

[Event "Titled Tuesday Blitz November 07 Late 2023"]
[White "Yeritsyan, Hayk"]
[Black "Sokolovsky, Yahli"]
[WhiteFideId "13307320"]
[BlackFideId "2820242"]
[WhiteElo "2426"]
[BlackElo "2784"]
[Result "0-1"]
[Round "1"]
[TimeControl "180+1"]
[Date "2023.11.07"]
[WhiteClock "0:00:06"]
[BlackClock "0:00:12"]
[Board "58"]

1. d4 d6 2. Nf3 g6 3. Bf4 Bg7 4. h3 a6 5. e3 Nf6 6. c3 O-O 7. Be2 b6 8. O-O Bb7 9. Bh2 Nbd7 10. Nbd2 Re8 11. Rc1 Ra7 12. b4 Qa8 13. c4 e6 14. c5 bxc5 15. bxc5 dxc5 16. dxc5 Bd5 17. Qa4 Rb8 18. Nb3 a5 19. Nbd4 Rb2 20. a3 c6 21. Rc2 Rab7 22. Bd3 Ne4 23. Rfc1 Rxc2 24. Qxc2 Ndxc5 25. Bf1 Qa7 26. Ne5 Bxe5 27. Bxe5 Nd7 28. Nxc6 Bxc6 29. Qxc6 Nxe5 30. Qxe4 Nd7 31. Rc8+ Kg7 32. Qd3 Rc7 33. Rd8 Nf6 34. Qd4 Qxd4 35. Rxd4 Rc3 36. Ra4 Rc5 37. f3 Nd5 38. Kf2 Nb6 39. Rd4 Rc3 40. a4 Ra3 41. Bb5 Ra2+ 42. Kg3 Nd5 43. e4 Nc3 44. Rd3 Nxb5 45. axb5 Rb2 46. Rd8 Rxb5 47. Ra8 h5 48. h4 Kf6 49. Kf4 Kg7 50. g3 Rc5 51. Ra7 Kf6 52. Ra6 Kg7 53. Ra7 Kf8 54. g4 Kg7 55. g5 Kf8 56. Ra6 Ke7 57. Ra7+ Ke8 58. Ra8+ Ke7 59. Ra7+ Kf8 60. Ra8+ Kg7 61. Ra7 Rb5 62. Ra6 e5+ 63. Kg3 Rc5 64. Ra7 Kf8 65. Ra8+ Ke7 66. Ra7+ Ke6 67. Ra6+ Kd7 68. Ra7+ Ke8 69. Ra8+ Ke7 70. Ra7+ Kf8 71. Ra8+ Kg7 72. Ra7 Rb5 73. Ra6 f5 74. gxf6+ Kf7 75. Ra7+ Kxf6 76. Ra6+ Kg7 77. Ra7+ Kh6 78. Ra6 Rc5 79. Ra7 Rb5 80. Ra6 Kg7 81. Ra7+ Kf8 82. Ra8+ Ke7 83. Ra7+ Ke8 84. Ra6 Kf7 85. Ra7+ Kf8 86. Ra6 Ke7 87. Ra7+ Kd6 88. Ra6+ Kc5 89. Rxg6 a4 90. Ra6 Kb4 91. f4 exf4+ 92. Kxf4 a3 93. Rd6 a2 94. Rd1 Kc3 95. Ra1 Kb2 96. Rxa2+ Kxa2 97. e5 Kb3 98. e6 Kc4 99. e7 Rb8 100. Kf5 Kd5 101. Kf6 Kd6 102. Kf7 Kd7 103. Kg6 Kxe7 104. Kxh5 Kf7 105. Kh6 Kg8 106. h5 Rb7 107. Kg6 Rh7 108. h6 Kh8 109. Kh5 Ra7 110. Kg6 Ra6+ 111. Kg5 Kh7 112. Kh5 Rxh6+ 0-1


[Site "https://www.chess.com"]

[Event "Titled Tuesday Blitz November 07 Late 2023"]
[White "Glavina, Pablo"]
[Black "Mazurkiewicz, Michal"]
[WhiteFideId "100234"]
[BlackFideId "1124943"]
[WhiteElo "2778"]
[BlackElo "2426"]
[Result "0-1"]
[Round "1"]
[TimeControl "180+1"]
[Date "2023.11.07"]
[WhiteClock "0:00:14"]
[BlackClock "0:00:19"]
[Board "59"]

1. c4 Nf6 2. Nc3 g6 3. g3 Bg7 4. Bg2 O-O 5. d4 d6 6. Nf3 c5 7. O-O cxd4 8. Nxd4 Qa5 9. b3 Qxc3 10. Rb1 Qa5 11. h4 Nc6 12. Nxc6 bxc6 13. Bxc6 Rb8 14. Qc2 d5 15. Bf4 Bf5 16. Qd1 Bxb1 17. Bxb8 Rxb8 18. Qxb1 dxc4 19. Rd1 c3 20. Qc2 Ng4 21. e3 Rd8 22. Rc1 Qf5 23. Be4 Qe5 24. Bf3 Nxe3 25. Qe2 Nf5 26. Qc4 Nxg3 27. Rc2 Nf5 28. Re2 Qd4 29. Qc7 Nxh4 30. Be4 Qd1+ 31. Kh2 Qxe2 32. Qxd8+ Bf8 33. Qd4 Nf3+ 34. Bxf3 Qxf3 35. Qc4 h5 36. Kg1 Bg7 37. Qc8+ Kh7 38. Qa8 Qxa8 0-1


[Site "https://www.chess.com"]

[Event "Titled Tuesday Blitz November 07 Late 2023"]
[White "ChessLebaneseSalah"]
[Black "BardArtem"]
[WhiteElo "2425"]
[BlackElo "2768"]
[Result "0-1"]
[Round "1"]
[TimeControl "180+1"]
[Date "2023.11.07"]
[WhiteClock "0:00:03"]
[BlackClock "0:00:40"]
[Board "60"]

1. e4 e5 2. Nf3 Nc6 3. Bb5 Nge7 4. O-O Ng6 5. c3 d5 6. exd5 Qxd5 7. c4 Qd3 8. Re1 Bd6 9. Nc3 a6 10. Ba4 O-O 11. Qe2 Qxe2 12. Nxe2 e4 13. Nfd4 Nce5 14. Bc2 c5 15. Nb3 f5 16. Nc3 Nf4 17. Nd5 Nxd5 18. cxd5 b5 19. a4 Bb7 20. Rd1 Bxd5 21. a5 c4 22. Nd4 Bc5 23. Ne2 f4 24. b4 cxb3 25. Bb1 f3 26. gxf3 Nxf3+ 27. Kg2 Nh4+ 28. Kg3 Bxf2+ 29. Kg4 Be6+ 30. Kh5 Rf5+ 31. Kg4 h5+ 32. Kh3 Rf3# 0-1


[Site "https://www.chess.com"]

[Event "Titled Tuesday Blitz November 07 Late 2023"]
[White "Mekhitarian, Krikor Sevag"]
[Black "Marchesich, Giovanni"]
[WhiteFideId "2107660"]
[BlackFideId "2824790"]
[WhiteElo "2768"]
[BlackElo "2425"]
[Result "1-0"]
[Round "1"]
[TimeControl "180+1"]
[Date "2023.11.07"]
[WhiteClock "0:02:03"]
[BlackClock "0:01:59"]
[Board "61"]

1. Nf3 c5 2. c4 Nf6 3. Nc3 Nc6 4. d4 cxd4 5. Nxd4 e6 6. g3 Qb6 7. Ndb5 d5 8. cxd5 Nxd5 9. Bg2 Nxc3 10. Nxc3 Bc5 11. O-O O-O 12. Na4 Qa5 13. Nxc5 Qxc5 14. Be3 Qe7 15. Rc1 Bd7 16. Bc5 Qf6 17. Bxf8 1-0


[Site "https://www.chess.com"]

[Event "Titled Tuesday Blitz November 07 Late 2023"]
[White "Wanyama, Harold"]
[Black "Jarmula, Lukasz"]
[WhiteFideId "10000380"]
[BlackFideId "1160664"]
[WhiteElo "2425"]
[BlackElo "2761"]
[Result "0-1"]
[Round "1"]
[TimeControl "180+1"]
[Date "2023.11.07"]
[WhiteClock "0:00:07"]
[BlackClock "0:01:15"]
[Board "62"]

1. d4 b6 2. c4 e6 3. Nc3 Bb7 4. a3 f5 5. Nf3 Nf6 6. g3 Be7 7. Bg2 O-O 8. d5 Na6 9. Nd4 Nc5 10. O-O a5 11. b3 Qe8 12. Bb2 Qh5 13. b4 axb4 14. axb4 Rxa1 15. Qxa1 e5 16. Nf3 e4 17. bxc5 exf3 18. Bxf3 Ng4 19. Bxg4 Qxg4 20. Qa7 Bc8 21. d6 Bf6 22. cxb6 cxb6 23. Qc7 f4 24. Ra1 f3 25. exf3 Qxf3 26. Rc1 Bb7 27. Nd5 Bxb2 28. Rf1 Bxd5 0-1


[Site "https://www.chess.com"]

[Event "Titled Tuesday Blitz November 07 Late 2023"]
[White "Goltsev, Dmitry"]
[Black "Villarreal, Agustin"]
[WhiteFideId "24176710"]
[BlackFideId "125687"]
[WhiteElo "2754"]
[BlackElo "2423"]
[Result "1-0"]
[Round "1"]
[TimeControl "180+1"]
[Date "2023.11.07"]
[WhiteClock "0:00:03"]
[BlackClock "0:00:00"]
[Board "63"]

1. e4 e5 2. Nf3 Nc6 3. Bb5 a6 4. Ba4 Nf6 5. O-O Be7 6. Re1 b5 7. Bb3 O-O 8. c3 d6 9. d4 Bb7 10. Nbd2 h6 11. Nf1 Re8 12. Ng3 Bf8 13. a4 Na5 14. Ba2 Qe7 15. Nf5 Qd8 16. dxe5 dxe5 17. Qc2 c5 18. b4 cxb4 19. cxb4 Nc6 20. Qb3 Qc7 21. Bd2 bxa4 22. Qxa4 Rad8 23. Rac1 Qd7 24. h3 Nd4 25. Qxd7 Nxf3+ 26. gxf3 Rxd7 27. Bc3 Rd3 28. Re3 Rd7 29. Kh2 Nh5 30. Rg1 Kh7 31. Bb3 Bc6 32. Ra1 Bb5 33. Ba4 g6 34. Ng3 Nf4 35. Bxb5 axb5 36. Ra5 Rb7 37. Ne2 Ne6 38. Rd3 f6 39. Rd5 Reb8 40. Bd2 Be7 41. f4 exf4 42. Nxf4 Ng5 43. Kg2 Nxe4 44. Be1 g5 45. Ne6 Kg6 46. Nd4 Nd6 47. Nc6 Rc8 48. Nxe7+ Rxe7 49. Bd2 Nc4 50. Raxb5 Ne5 51. Be3 Re6 52. Rb6 Rxb6 53. Bxb6 Rc4 54. Bc5 Rc3 55. b5 Rb3 56. b6 Nc4 57. Rd7 Nxb6 58. Rb7 Na4 59. Rxb3 Nxc5 60. Ra3 Ne6 61. Ra6 Nf4+ 62. Kg3 h5 63. h4 Ne2+ 64. Kf3 Nd4+ 65. Ke4 Ne2 66. hxg5 Kxg5 67. Ra3 1-0


[Site "https://www.chess.com"]

[Event "Titled Tuesday Blitz November 07 Late 2023"]
[White "komogro"]
[Black "Krzyzanowski, Marcin"]
[BlackFideId "1132199"]
[WhiteElo "2421"]
[BlackElo "2754"]
[Result "0-1"]
[Round "1"]
[TimeControl "180+1"]
[Date "2023.11.07"]
[WhiteClock "0:00:22"]
[BlackClock "0:00:24"]
[Board "64"]

1. d4 Nf6 2. c4 e6 3. Nf3 Bb4+ 4. Bd2 c5 5. g3 O-O 6. Bg2 Qb6 7. O-O cxd4 8. Nxd4 Nc6 9. Nb3 a5 10. Nc3 a4 11. Nc1 a3 12. bxa3 Bxa3 13. Nb3 h6 14. c5 Bxc5 15. Na4 Rxa4 16. Nxc5 Ra8 17. Qc2 Nd4 18. Qc4 Nxe2+ 19. Qxe2 Qxc5 20. Rfc1 Qe7 21. a3 d6 22. Bb4 Rd8 23. Qb5 Qe8 24. Qb6 d5 25. Rc7 Ra6 26. Qe3 Rd7 27. Rac1 Rxc7 28. Rxc7 Rc6 29. Qe5 Nd7 30. Qf4 e5 0-1


[Site "https://www.chess.com"]

[Event "Titled Tuesday Blitz November 07 Late 2023"]
[White "Herman, Daniel"]
[Black "Korchmar, Vasiliy"]
[WhiteFideId "30935008"]
[BlackFideId "24131750"]
[WhiteElo "2416"]
[BlackElo "2746"]
[Result "0-1"]
[Round "1"]
[TimeControl "180+1"]
[Date "2023.11.07"]
[WhiteClock "0:00:04"]
[BlackClock "0:00:47"]
[Board "66"]

1. c4 e6 2. d4 d5 3. Nc3 Nf6 4. cxd5 exd5 5. Bg5 c6 6. e3 h6 7. Bh4 Bd6 8. Bd3 Nbd7 9. Nge2 Nf8 10. Bg3 Ne6 11. O-O O-O 12. Bxd6 Qxd6 13. Ng3 g6 14. f4 Ng7 15. f5 g5 16. Qf3 Re8 17. Rad1 Bd7 18. Bc2 c5 19. dxc5 Qxc5 20. Rd4 Bc6 21. Bb3 Re5 22. Rfd1 Rae8 23. Nxd5 Bxd5 24. Bxd5 Rxe3 25. Qf2 Re1+ 26. Nf1 Nxf5 27. Rxe1 Rxe1 28. Qxe1 Qxd4+ 29. Kh1 Nxd5 30. Ng3 Nxg3+ 31. hxg3 Qxb2 32. Qe8+ Kg7 33. Qd7 Nf6 34. Qf5 Qxa2 0-1


[Site "https://www.chess.com"]

[Event "Titled Tuesday Blitz November 07 Late 2023"]
[White "Rohan, Ahuja"]
[Black "Martins, Vinicius Tine"]
[WhiteFideId "5090598"]
[BlackFideId "2112884"]
[WhiteElo "2746"]
[BlackElo "2415"]
[Result "1-0"]
[Round "1"]
[TimeControl "180+1"]
[Date "2023.11.07"]
[WhiteClock "0:00:13"]
[BlackClock "0:00:14"]
[Board "67"]

1. Nf3 Nf6 2. g3 b6 3. Bg2 Bb7 4. c4 c5 5. Nc3 g6 6. d4 cxd4 7. Qxd4 Bg7 8. O-O Nc6 9. Qh4 h6 10. Qf4 d6 11. Rd1 g5 12. Qf5 Qd7 13. Qc2 Rc8 14. a3 O-O 15. b3 a6 16. Bb2 b5 17. c5 b4 18. Na4 d5 19. Nb6 Qe6 20. Nxc8 Rxc8 21. axb4 Nxb4 22. Qd2 Nc6 23. Nd4 Nxd4 24. Bxd4 Qf5 25. Qd3 Qg4 26. h3 Qd7 27. Rac1 e6 28. Be5 Qe8 29. Qd4 Nh5 30. Bxg7 Nxg7 31. Qe5 Qb5 32. b4 Qxb4 33. Rb1 Qa4 34. Qd4 Qxd4 35. Rxd4 Bc6 36. Rdd1 Bb5 37. Rdc1 Nf5 38. e3 Ne7 39. Bf1 Bxf1 40. Kxf1 Nc6 41. Rb6 a5 42. Ke2 Kf8 43. Rb7 Ne5 44. c6 Nc4 45. c7 Ke7 46. Ra7 Kd6 47. e4 Rxc7 48. Rxc7 Kxc7 49. exd5 exd5 50. Kd3 Kd6 51. Ra1 Kc5 52. Re1 a4 53. Kc3 d4+ 54. Kd3 a3 55. Re7 Kb4 56. Rb7+ Kc5 57. Rc7+ Kb4 58. Rxc4+ Kb3 59. Rc8 1-0


[Site "https://www.chess.com"]

[Event "Titled Tuesday Blitz November 07 Late 2023"]
[White "Suspenser17"]
[Black "Hambleton, Aman"]
[BlackFideId "2606577"]
[WhiteElo "2413"]
[BlackElo "2741"]
[Result "0-1"]
[Round "1"]
[TimeControl "180+1"]
[Date "2023.11.07"]
[WhiteClock "0:00:23"]
[BlackClock "0:00:07"]
[Board "68"]

1. e4 c5 2. c3 Nf6 3. e5 Nd5 4. d4 cxd4 5. cxd4 d6 6. Nf3 e6 7. Bd3 Nc6 8. O-O dxe5 9. dxe5 Ndb4 10. Be4 Qxd1 11. Rxd1 Be7 12. Nc3 Na6 13. Be3 O-O 14. a3 Nc5 15. Bc2 Nd7 16. Bf4 h6 17. h4 Rd8 18. Rd2 Nb6 19. Bb3 Rxd2 20. Bxd2 Na5 21. Ba2 Nac4 22. Bc1 Bd7 23. b4 Rc8 24. Ne4 Bc6 25. Nc5 Bxf3 26. gxf3 Bxc5 27. bxc5 Rxc5 28. f4 Nd5 29. Bb1 Nxe5 30. Be4 Ng6 31. f5 Nxh4 32. fxe6 fxe6 33. Bd2 Kf7 34. Rb1 b6 35. a4 Nf6 36. Bh1 Rc4 37. a5 Rc2 38. Be1 Rc5 39. axb6 axb6 40. Rxb6 Rg5+ 41. Kf1 Rf5 42. Rb7+ Kg6 43. Bc6 Nf3 44. Bc3 Ne5 45. Bb5 Kh5 46. Rxg7 Ne4 47. Be8+ Kh4 48. Bb4 Ng4 49. Be7+ Kh3 50. Bd7 Rxf2+ 51. Ke1 Nd2 52. Rxg4 Kxg4 53. Kxf2 Kf5 54. Bd6 Ne4+ 55. Ke3 Nxd6 56. Kf3 Nf7 57. Kg3 Kf6 58. Bc8 e5 59. Bb7 Nd6 60. Bd5 Kg5 61. Kh3 h5 62. Kg3 h4+ 63. Kh3 Nf5 64. Be4 Ne7 65. Kg2 Kf4 66. Bb7 Ng6 67. Kh3 Kg5 68. Be4 Nf4+ 69. Kh2 Kg4 70. Bc6 Nd3 71. Bd7+ Kg5 72. Bb5 Nf2 73. Bd7 Kf4 74. Bb5 e4 75. Be2 e3 76. Bh5 Ne4 77. Be2 Nf6 78. Kh3 Kg5 79. Bf3 Nd7 80. Bd5 Ne5 81. Bb3 Nd3 82. Bd1 Nf4+ 83. Kh2 Kf5 84. Bf3 Ke5 85. Kg1 Kd4 86. Kf1 Kd3 87. Ke1 h3 88. Bc6 Ng2+ 89. Kf1 e2+ 90. Kf2 e1=Q+ 91. Kf3 Qe3+ 92. Kg4 Ne1 93. Bd5 h2 94. Bb7 Kd2 95. Bh1 Qg1+ 96. Kh3 Qxh1 97. Kh4 Qg1 98. Kh5 h1=Q# 0-1


[Site "https://www.chess.com"]

[Event "Titled Tuesday Blitz November 07 Late 2023"]
[White "Maksimovic, Bojan"]
[Black "Zakarian, David"]
[WhiteFideId "14408120"]
[BlackFideId "13301276"]
[WhiteElo "2741"]
[BlackElo "2411"]
[Result "1/2-1/2"]
[Round "1"]
[TimeControl "180+1"]
[Date "2023.11.07"]
[WhiteClock "0:00:09"]
[BlackClock "0:00:38"]
[Board "69"]

1. e4 c5 2. Nf3 e6 3. d4 cxd4 4. Nxd4 a6 5. Nc3 Qc7 6. Qd3 Nf6 7. Qg3 Qxg3 8. hxg3 Bb4 9. Bd3 Nc6 10. Nxc6 dxc6 11. Bd2 e5 12. f3 Be6 13. g4 O-O-O 14. a3 Be7 15. Ke2 h6 16. Nd1 Nd7 17. Ne3 Nc5 18. Bc4 Bxc4+ 19. Nxc4 f6 20. a4 Ne6 21. c3 Kc7 22. a5 Nc5 23. Be3 Rd7 24. b4 Ne6 25. g3 Kb8 26. Bb6 Bd8 27. Rad1 Rxd1 28. Rxd1 Bxb6 29. axb6 Rd8 30. Rxd8+ Nxd8 31. Nd6 Ne6 32. Ke3 Nf8 33. c4 Ne6 34. c5 Nd4 35. Ne8 Nc2+ 36. Kd2 Nxb4 37. Nxg7 a5 38. Kc3 Na6 39. Ne6 Kc8 40. f4 Kd7 41. f5 Ke7 42. Kc4 Nb4 43. Kc3 Na6 44. Kc4 Nb4 45. Kc3 Na6 1/2-1/2


[Site "https://www.chess.com"]

[Event "Titled Tuesday Blitz November 07 Late 2023"]
[White "Bochnicka, Vladimir"]
[Black "Rosen, Eric"]
[WhiteFideId "14943450"]
[BlackFideId "2032562"]
[WhiteElo "2411"]
[BlackElo "2739"]
[Result "0-1"]
[Round "1"]
[TimeControl "180+1"]
[Date "2023.11.07"]
[WhiteClock "0:00:03"]
[BlackClock "0:00:04"]
[Board "70"]

1. e4 c5 2. Nf3 e6 3. g3 d5 4. exd5 exd5 5. d4 cxd4 6. Nxd4 Bc5 7. Bg2 Nc6 8. Be3 Nxd4 9. Bxd4 Qe7+ 10. Kf1 Nf6 11. Nc3 Be6 12. Qd3 O-O 13. Re1 Rfd8 14. Ne2 Bd6 15. Kg1 Ne4 16. Nc3 Nxc3 17. Bxc3 Bc5 18. Bd4 Rac8 19. c3 b6 20. h3 h5 21. Kh2 h4 22. Re2 Qg5 23. Re5 Qh6 24. Rhe1 Bd6 25. R5e3 b5 26. Be5 Bc5 27. Bd4 Bd6 28. Be5 Bc5 29. Bf4 Qf6 30. Rf3 hxg3+ 31. fxg3 Bf5 32. Qf1 Be4 33. Be5 Qxe5 34. Rxf7 Rf8 35. Rxf8+ Rxf8 36. Qe2 Bd6 37. Qe3 Re8 38. Bxe4 Qxe4 39. Qxe4 Rxe4 40. Rd1 Re2+ 41. Kg1 Rxb2 42. Rxd5 Bxg3 43. Rxb5 Rxb5 0-1


[Site "https://www.chess.com"]